 Dungeon Crawl Stone Soup version 0.23.0 (webtiles) character file.

Game seed: 15320191220843442059

110 Borgoz the Cudgeler (level 4, -5/28 HPs)
             Began as a Gargoyle Gladiator on Feb 9, 2019.
             Killed by divine providence
             ... invoked by an orc priest
              (16 damage)
             ... on level 3 of the Dungeon.
             The game lasted 00:03:07 (2160 turns).

Borgoz the Cudgeler (Gargoyle Gladiator)            Turns: 2160, Time: 00:03:07

Health: -5/28      AC:  7    Str: 18    XL:     4   Next: 91%
Magic:  4/4        EV: 13    Int:  8    God:
Gold:   177        SH:  0    Dex: 12    Spells: 3/3 levels left

rFire    . . .     SeeInvis .   a - +0 flail
rCold    . . .     Gourm    .   (no shield)
rNeg     + . .     Faith    .   b - +0 leather armour
rPois    ∞         Spirit   .   c - +0 helmet
rElec    +         Reflect  .   (no cloak)
rCorr    .         Harm     .   (no gloves)
MR       .....                  (no boots)
Stlth    +.........             (no amulet)
HPRegen  0.09/turn              (no ring)
MPRegen  0.09/turn              (no ring)

@: no status effects
A: negative energy resistance 1, electricity resistance, unbreathing,
petrification resistance, rot immunity, AC +3
a: no special abilities


You were on level 3 of the Dungeon.
You were not hungry.

You visited 1 branch of the dungeon, and saw 3 of its levels.

You collected 177 gold pieces.

Inventory:

Hand Weapons
 a - a +0 flail (weapon)
 j - a +3 quarterstaff of chaos
Missiles
 d - 3 throwing nets (quivered)
 l - 31 poisoned needles
Armour
 b - a +0 leather armour (worn)
 c - a +0 helmet (worn)
Scrolls
 g - a scroll of identify {unknown}
 h - a scroll of remove curse {unknown}
 i - 2 scrolls of teleportation {unknown}
 k - 2 scrolls of random uselessness {unknown}
 n - 2 scrolls of immolation {unknown}
 o - a scroll of fog {unknown}
Potions
 e - a potion of might {unknown}
 m - 2 potions of mutation {unknown}
Comestibles
 f - 8 rations
 p - 3 chunks of flesh


   Skills:
 + Level 3.3 Fighting
 + Level 3.6 Maces & Flails
 - Level 1.7 Throwing
 + Level 2.1 Armour
 + Level 3.1 Dodging


You had 3 spell levels left.
You didn't know any spells.
Your spell library was empty.

Dungeon Overview and Level Annotations

Branches:
Dungeon (3/15)

Altars:
Makhleb
Ru

Annotations:
D:3 3 runed translucent doors, Folque's ghost, amateur DrEE; Jessica


Innate Abilities, Weirdness & Mutations

You are resistant to torment.
Your stone body is resilient. (AC +3)
You are immune to poison.
You resist negative energy. (rN+)
You are resistant to electric shocks. (rElec)
You can survive without breathing.
You are immune to petrification.
You are immune to rotting.


Message History

You are too injured to fight recklessly!
You are too injured to fight recklessly!
You are too injured to fight recklessly!
You are too injured to fight recklessly!
You are too injured to fight recklessly!
You are too injured to fight recklessly!
You are too injured to fight recklessly!
You are too injured to fight recklessly!
You are too injured to fight recklessly!
Unknown command.
Okay, then.
Jessica mumbles some strange words.
Jessica seems to speed up.
Jessica casts a spell.
Jessica blinks!
The orc priest begins to cast a cantrip, but forgets the words!
The orc priest mumbles some strange prayers to Beogh against you.
Beogh smites you!
Ouch! That really hurt!
You die...

##.#### #># #....... #..# .#
#.###..... #.## ##.# #.......#
#.# #.. ####.o# #.# #.#
#..)..# K# #.# #.#####.###.##
WK###|# #.#.o.oo# #..#
+##...##### #.#.##### ##.###
......#...####.#@# #...#####
##......÷..#...#.# ###.....#
.........(.†.##..# #####..
.<...........##.## ###
#).[.............###
##.........#.#.#.).####
##...#...##...###....#########
######............#..........
############..(..>###


You could see an orc priest.

Vanquished Creatures
  Crazy Yiuf (D:2)
  2 adders
  An ooze (D:1)
  A dart slug (D:1)
  3 leopard geckos
  An orc (D:3)
  8 bats
  A giant cockroach (D:3)
  6 goblins
  8 hobgoblins
  5 jackals (D:1)
  A quokka (D:2)
  2 ball pythons
  5 frilled lizards
  2 kobolds (D:1)
  7 rats
54 creatures vanquished.

Notes
Turn   | Place    | Note
-------+----------+-------------------------------------------
     0 | D:1      | Borgoz the Gargoyle Gladiator began the quest for the Orb.
     0 | D:1      | Reached XP level 1. HP: 12/12 MP: 1/1
    85 | D:1      | Reached XP level 2. HP: 11/18 MP: 2/2
   160 | D:1      | Reached skill level 1 in Armour
   585 | D:1      | Reached XP level 3. HP: 22/22 MP: 3/3
  1558 | D:2      | Found a sacrificial altar of Ru.
  1566 | D:2      | Reached XP level 4. HP: 28/28 MP: 4/4
  1660 | D:2      | Found a runed translucent door.
  1661 | D:2      | Noticed Crazy Yiuf
  1674 | D:2      | Killed Crazy Yiuf
  1815 | D:2      | Found a burning altar of Makhleb.
  1984 | D:3      | Found a runed translucent gate.
  1984 | D:3      | Found a runed translucent gate.
  1984 | D:3      | Found a runed translucent gate.
  2079 | D:3      | Noticed Folque's ghost (amateur DrEE)
  2143 | D:3      | Noticed Jessica
  2160 | D:3      | Killed from afar by an orc priest

Skill      XL: |  1  2  3  4 |
---------------+-------------+-----
Armour         | 1 2 |  2.1
Fighting       | 3 |  3.3
Dodging        | 3 |  3.1
Maces & Flails | |  3.6
Throwing       | |  1.7

Action                   |  1- 3 |  4- 6 || total
-------------------------+-------+-------++-------
Melee: Flail             |   142 |    53 ||   195
 Stab: Sleeping          |     1 |       ||     1
       Paralysed         |       |     1 ||     1
  Eat: Chunk             |     2 |     2 ||     4
Armor: Leather armour    |    64 |    16 ||    80
Dodge: Dodged            |   127 |    36 ||   163
